 Dungeon Crawl Stone Soup version 0.29.1-13-g9f3cf754e1 (webtiles) character file.

Game seed: 7831309141577114762

81 KittyFluff the Cudgeller (level 4, -1/29 HPs)
             Began as a Gargoyle Berserker on Jan 23, 2023.
             Was a Believer of Trog.
             Slain by a gnoll
             ... wielding a +0 halberd
              (10 damage)
             ... on level 2 of the Dungeon.
             The game lasted 00:08:25 (1759 turns).

KittyFluff the Cudgeller (Gargoyle Berserker)       Turns: 1759, Time: 00:08:26

Health: -1/29      AC:  5    Str: 21    XL:     4   Next: 42%
Magic:  4/4        EV: 12    Int:  7    God:    Trog [**....]
Gold:   69         SH:  0    Dex: 11    Spells: 3/3 levels left

rFire   . . .      SeeInvis .   a - +0 mace
rCold   . . .      Faith    .   (no shield)
rNeg    + . .      Spirit   .   b - +0 animal skin
rPois   ∞          Reflect  .   (no helmet)
rElec   +          Harm     .   (no cloak)
rCorr   .          Rampage  .   (no gloves)
Will    .....                   (no boots)
Stlth   +.........              (no amulet)
HPRegen 0.09/turn               (no ring)
MPRegen 0.09/turn               (no ring)

@: no status effects
A: sickness immunity, AC +3, negative energy resistance 1, electricity
resistance, torment resistance 1, petrification resistance
a: Renounce Religion, Berserk, Trog's Hand


You were on level 2 of the Dungeon.
You worshipped Trog.
Trog was pleased with you.
You visited 1 branch of the dungeon, and saw 2 of its levels.

You collected 69 gold pieces.

Inventory:

Hand Weapons
 a - a +0 mace (weapon)
Missiles
 h - 14 stones (quivered)
Armour
 b - a +0 animal skin (worn)
 i - a +0 ring mail
 n - the +0 ring mail "Irytoci" {rF+ rN+}
   (You found it on level 2 of the Dungeon)

   rF:        It protects you from fire.
   rN:        It protects you from negative energy.
Scrolls
 d - a scroll of enchant armour {unknown}
 e - a scroll of vulnerability {unknown}
 f - a scroll of teleportation {unknown}
 j - a scroll of identify {unknown}
 k - a scroll of enchant weapon {unknown}
 l - a scroll of magic mapping {unknown}
 m - a scroll of blinking {unknown}
Potions
 c - a potion of mutation {unknown}
 g - 3 potions of curing {unknown}


   Skills:
 + Level 3.8 Fighting
 + Level 4.0 Maces & Flails
 * Level 2.9 Armour
 + Level 2.1 Dodging
 + Level 0.1 Stealth


You had 3 spell levels left.
You didn't know any spells.
Your spell library was empty.

Dungeon Overview and Level Annotations

Branches:
Dungeon (2/15)

Altars:

Annotations:
D:2 Jessica


Innate Abilities, Weirdness & Mutations

You are immune to sickness and miasma.
Your stone body is resilient. (AC +3)
You are immune to poison.
You resist negative energy. (rN+)
You are resistant to electric shocks. (rElec)
You are resistant to unholy torment.
You are immune to petrification.


Message History

You closely miss the adder.
The adder is severely wounded.
The adder bites you but does no damage.
You barely miss the adder.
The adder is severely wounded.
The adder barely misses you. x2
You sock the adder!
You kill the adder!
Trog accepts your kill.
Your Maces & Flails skill increases to level 4!
You open the door.
A gnoll and 2 jackals come into view.
The gnoll shouts!
The jackal barks! x2
The jackal bites you.
The jackal bites you but does no damage.
The gnoll hits you from afar with a +0 halberd.
There is an open door here.
The jackal attacks as you move away!
The jackal bites you but does no damage.
The jackal attacks as you move away! The jackal closely misses you.
The jackal misses you.
You hit the jackal.
You kill the jackal!
Trog accepts your kill.
The gnoll hits you from afar with a +0 halberd.
The jackal bites you but does no damage.
You hit the jackal.
The jackal is almost dead.
The jackal closely misses you.
The gnoll hits you from afar with a +0 halberd!
You closely miss the jackal.
The jackal is almost dead.
The jackal bites you but does no damage.
The gnoll closely misses you. The jackal bites you.
You hit the jackal.
You kill the jackal!
Trog accepts your kill.
The gnoll hits you from afar with a +0 halberd.
The gnoll hits you with a +0 halberd!
You die...

######### .....>..#
#######.#########
............##..#
....†##†##......#
####.##.##..##.P#+#+#
#.##.........@...#
#.#####..##.P#g..#
#............#...#
######.####..#..#####
.............####
♣#####.#####.# ♣
##.#####.#### #.
#.......#...# .
♣~.#####.##.# .##


You could see a gnoll.

Vanquished Creatures
  An adder (D:2)
  A worm (D:2)
  A dart slug (D:1)
  3 ball pythons
  6 endoplasms
  9 giant cockroaches
  4 goblins
  4 hobgoblins
  10 jackals
  2 quokkas (D:1)
  7 bats
  2 frilled lizards (D:1)
  4 kobolds (D:1)
  5 rats
59 creatures vanquished.

Vanquished Creatures (others)
  58 plants (D:2)
58 creatures vanquished.

Grand Total: 117 creatures vanquished

Notes
Turn   | Place    | Note
-------+----------+-------------------------------------------
     0 | D:1      | KittyFluff the Gargoyle Berserker began the quest for the
                  | Orb.
     0 | D:1      | Reached XP level 1. HP: 14/14 MP: 1/1
     1 | D:1      | Found a runed translucent door.
    82 | D:1      | Reached XP level 2. HP: 11/19 MP: 2/2
   303 | D:1      | Reached ** piety under Trog
   500 | D:1      | Reached XP level 3. HP: 23/23 MP: 3/3
  1252 | D:2      | Noticed Jessica
  1290 | D:2      | Reached XP level 4. HP: 19/29 MP: 4/4
  1724 | D:2      | Identified the +0 ring mail "Irytoci" {rF+ rN+}
  1743 | D:2      | Reached skill level 4 in Maces & Flails
  1759 | D:2      | Slain by a gnoll

Illustrated notes

Levels and vault maps discovered:
D:1:      dpeg_arrival_caged_fury, layout_loops_ring, minmay_domino_4
D:2:      layout_loops_ring, serial_bayou, serial_bayou_lake_a,
          serial_bayou_crossing, serial_bayou_lagoon_a, serial_bayou_pond_d,
          cheibrodos_gnoll_hut, uniq_jessica

Skill      XL: |  1  2  3  4 |
---------------+-------------+-----
Dodging        | 2 |  2.1
Maces & Flails | 4 |  4.0
Fighting       | |  3.8
Armour         | |  2.9
Stealth        | |  0.1

Action                   |  1- 3 |  4- 6 || total
-------------------------+-------+-------++-------
Melee: Mace              |   125 |    29 ||   154
       Punch             |     3 |       ||     3
 Stab: Sleeping          |     1 |       ||     1
Armor: Animal skin       |    38 |    23 ||    61
Dodge: Dodged            |    81 |    27 ||   108
